 Dungeon Crawl Stone Soup version 0.28-a0-1447-ga5a8893891 (webtiles) character file.

Game seed: 14284767961130988981

1835 HallandMoats the Skirmisher (level 9, -2/56 HPs)
             Began as a Gargoyle Fighter on Jan 12, 2022.
             Was an Elder of Okawaru.
             Slain by Joseph (10 damage)
             ... on level 7 of the Dungeon.
             The game lasted 00:06:24 (5130 turns).

HallandMoats the Skirmisher (Gargoyle Fighter)      Turns: 5130, Time: 00:06:24

Health: -2/56      AC: 15    Str: 26    XL:     9   Next: 11%
Magic:  13/13      EV: 14    Int:  8    God:    Okawaru [****..]
Gold:   330        SH:  5    Dex: 11    Spells: 8/8 levels left

rFire   . . .      SeeInvis .   b - +8 long sword of the Apocalypse {freeze, Will+ Str+3}
rCold   . . .      Faith    .   c - +0 buckler
rNeg    + . .      Spirit   .   n - +0 scale mail
rPois   ∞          Reflect  .   y - +0 helmet
rElec   +          Harm     .   (no cloak)
rCorr   .          Rampage  .   (no gloves)
Will    ++...                   (no boots)
Stlth   ..........              u - amulet of regeneration
HPRegen 0.98/turn               i - ring of Jebico {*Corrode +Blink Will+ EV+4 Slay+3}
MPRegen 0.13/turn               (no ring)

@: mighty
A: sickness immunity, AC +6, negative energy resistance 1, electricity
resistance, torment resistance 1, petrification resistance
a: Renounce Religion, Evoke Blink, Heroism, Finesse


You were on level 7 of the Dungeon.
You worshipped Okawaru.
Okawaru was greatly pleased with you.
You visited 1 branch of the dungeon, and saw 7 of its levels.

You collected 330 gold pieces.

Inventory:

Hand Weapons
 a - a +0 flail of venom
 b - the +8 long sword of the Apocalypse (weapon) {freeze, Will+ Str+3}
   (You found it on level 3 of the Dungeon)

   It freezes those it strikes, dealing additional cold damage.
   It can also slow down cold-blooded creatures.
   Str:       It affects your strength (+3).
   Will:      It increases your willpower.
Missiles
 p - 3 throwing nets (quivered)
Armour
 c - a +0 buckler (worn)
 n - a +0 scale mail (worn)
 y - a +0 helmet (worn)
Jewellery
 i - the ring of Jebico (left hand) {*Corrode +Blink Will+ EV+4 Slay+3}
   (You found it on level 2 of the Dungeon)

   [ring of evasion]

   EV:        It affects your evasion (+4).
   Slay:      It affects your accuracy & damage with ranged weapons and melee
   (+3).
   +Blink:    It lets you blink.
   *Corrode:  It may corrode you when you take damage.
   Will:      It increases your willpower.
 u - an amulet of regeneration (around neck)
 x - a +6 ring of intelligence
Wands
 s - a wand of flame (19)
 A - a wand of digging (5)
Scrolls
 e - 2 scrolls of immolation {unknown}
 g - 2 scrolls of fog {unknown}
 h - a scroll of holy word {unknown}
 l - 3 scrolls of magic mapping {unknown}
 o - a scroll of vulnerability {unknown}
 q - 2 scrolls of enchant armour {unknown}
 r - 3 scrolls of teleportation {unknown}
 t - 4 scrolls of identify {unknown}
 w - a scroll of fear {unknown}
 B - a scroll of enchant weapon {unknown}
 C - a scroll of silence {unknown}
Potions
 f - a potion of brilliance {unknown}
 j - a potion of berserk rage {unknown}
 k - 3 potions of heal wounds {unknown}
 m - 4 potions of curing
 v - a potion of flight {unknown}
 z - 4 potions of cancellation {unknown}


   Skills:
 * Level 6.9 Fighting
 * Level 5.6 Maces & Flails
 + Level 5.2 Armour
 + Level 2.9 Dodging
 + Level 5.3 Shields
 * Level 5.6 Invocations


You had 8 spell levels left.
You didn't know any spells.
Your spell library contained the following spells:

 Spells                   Type           Power      Damage    Failure   Level
 Sandblast                Erth           0%         2d4       77%         1
 Corpse Rot               Necr/Air       0%         N/A       88%         2
 Passwall                 Tmut/Erth      0%         N/A       88%         2
 Poisonous Vapours        Pois/Air       0%         N/A       88%         2
 Ozocubu's Armour         Ice            0%         N/A       98%         3
 Portal Projectile        Hex/Tloc       0%         N/A       98%         3
 Stone Arrow              Conj/Erth      0%         3d7       98%         3
 Leda's Liquefaction      Hex/Erth       0%         N/A       100%        4
 Metabolic Englaciation   Hex/Ice        0%         N/A       100%        5
 Call Canine Familiar     Summ           Unusable   N/A       N/A         3
 Simulacrum               Ice/Necr       Unusable   N/A       N/A         6

Dungeon Overview and Level Annotations

Branches:
Dungeon (7/15)             Temple (0/1) D:5

Altars:
Hepliaklqana
Kikubaaqudgha
Okawaru
Qazlal
Vehumet

Shops:
D:1 [   D:3 (   D:4 (   D:6 [   D:7 *

Annotations:
D:7 Joseph


Innate Abilities, Weirdness & Mutations

You are immune to sickness and miasma.
Your stone body is resilient. (AC +6)
You are immune to poison.
You resist negative energy. (rN+)
You are resistant to electric shocks. (rElec)
You are resistant to unholy torment.
You are immune to petrification.


Message History

Joseph is nearby!
Joseph is nearby!
You are too injured to fight recklessly!
Joseph is nearby!
You are too injured to fight recklessly!
Joseph is nearby!
You are too injured to fight recklessly!
You feel very mighty all of a sudden.
Joseph shoots a sling bullet.
The sling bullet hits you!
Joseph unwields a +0 hunting sling.
Joseph wields a +0 quarterstaff.
Joseph hits you with a +0 quarterstaff.
* * * LOW HITPOINT WARNING * * *
There is a stone staircase leading up here.
You slice Joseph!! You freeze Joseph!
Joseph is heavily wounded.
Joseph barely misses you. You block Joseph's attack.
You barely miss Joseph.
Joseph is heavily wounded.
You block Joseph's attack.
You closely miss Joseph.
Joseph is heavily wounded.
Joseph hits you with a +0 quarterstaff.
* * * LOW HITPOINT WARNING * * *
You slice Joseph!! You freeze Joseph!
Joseph is severely wounded.
Joseph says, "You will never get the ORB, sorry."
Joseph drinks a potion.
Joseph is healed!
Joseph hits you with a +0 quarterstaff.
* * * LOW HITPOINT WARNING * * *
You completely miss Joseph.
Joseph is severely wounded.
Joseph hits you with a +0 quarterstaff!
* * * LOW HITPOINT WARNING * * *
You completely miss Joseph.
Joseph is severely wounded.
You block Joseph's attack. Joseph misses you.
You slash Joseph! You freeze Joseph.
Joseph is almost dead.
Joseph hits you with a +0 quarterstaff!
You die...

....##....####..
....#.......#...
..(..#........ .
..............# #..
##..##........# ....
#...###.......#.....
#...#.))).......# ##
#..####)...@@..# ≈#
###.....)..####..#
≈###...........##
....
≈≈##...(...$.......
.#+#
≈≈#......?.......#.
# ≈≈#.......)......#
.≈#.......≈≈....≈#
≈≈≈.≈≈≈≈.≈.≈≈≈≈≈.≈.
≈≈≈≈≈≈≈≈≈.≈.≈.≈≈≈≈.


You could see Joseph.

Vanquished Creatures
  A steam dragon (D:6)
  A black bear (D:6)
  3 ogres
  An ice beast (D:6)
  A necrophage (D:5)
  A centaur (D:6)
  A phantom (D:5)
  A bullfrog (D:7)
  A gnoll sergeant (D:4)
  2 scorpions (D:5)
  A water moccasin zombie (D:5)
  A water moccasin skeleton (D:4)
  A jelly (D:5)
  An orc priest (D:6)
  A gnoll shaman (D:3)
  2 centaur skeletons (D:7)
  2 iguanas
  6 orc wizards
  A hound skeleton (D:5)
  15 gnolls
  4 adders
  3 shadow imps
  3 worms
  5 dart slugs
  14 orcs
  7 ball pythons
  8 bats
  2 endoplasms (D:2)
  A giant cockroach (D:1)
  5 goblins
  7 hobgoblins
  4 jackals (D:2)
  5 quokkas
  A frilled lizard (D:1)
  A jackal skeleton (D:4)
  7 kobolds
  6 rats
127 creatures vanquished.

Notes
Turn   | Place    | Note
-------+----------+-------------------------------------------
     0 | D:1      | HallandMoats the Gargoyle Fighter began the quest for the
                  | Orb.
     0 | D:1      | Reached XP level 1. HP: 14/14 MP: 1/1
   101 | D:1      | Found Jaupuh's Armour Emporium.
   173 | D:1      | Reached XP level 2. HP: 19/19 MP: 2/2
   487 | D:1      | Found a faded altar of an unknown god.
   501 | D:1      | Prayed at the altar of an unknown god.
   501 | D:1      | Became a worshipper of Warmaster Okawaru
   501 | D:1      | Reached * piety under Okawaru
   847 | D:1      | Reached XP level 3. HP: 12/24 MP: 3/3
  1153 | D:2      | Identified the ring of Jebico {*Corrode +Blink Will+ EV+4
                  | Slay+3}
  1189 | D:2      | Reached skill level 1 in Invocations
  1231 | D:2      | Reached XP level 4. HP: 29/29 MP: 3/5
  1655 | D:3      | Found an ancient bone altar of Kikubaaqudgha.
  1658 | D:3      | Found a hazy altar of Hepliaklqana.
  1690 | D:3      | Reached skill level 4 in Fighting
  1703 | D:3      | Identified the +8 long sword of the Apocalypse {freeze,
                  | Will+ Str+3}
  1813 | D:3      | Reached XP level 5. HP: 18/33 MP: 6/6
  1817 | D:3      | Reached skill level 1 in Dodging
  2208 | D:3      | Found Fevuogomesch's Antique Weapon Shop.
  2386 | D:4      | Reached ** piety under Okawaru
  2387 | D:4      | Reached XP level 6. HP: 23/39 MP: 7/7
  2564 | D:4      | Found Deqem's Weapon Boutique.
  2924 | D:4      | Reached skill level 5 in Fighting
  3096 | D:5      | Entered Level 5 of the Dungeon
  3103 | D:5      | Reached XP level 7. HP: 44/44 MP: 9/9
  3122 | D:5      | Found a staircase to the Ecumenical Temple.
  3847 | D:5      | Reached XP level 8. HP: 45/51 MP: 9/11
  4059 | D:5      | Reached *** piety under Okawaru
  4278 | D:6      | Reached skill level 6 in Fighting
  4425 | D:6      | Reached skill level 5 in Maces & Flails
  4425 | D:6      | Reached skill level 5 in Shields
  4485 | D:6      | Noticed a gargoyle
  4496 | D:6      | Found a stormy altar of Qazlal.
  4509 | D:6      | Reached skill level 5 in Invocations
  4542 | D:6      | Reached skill level 5 in Armour
  4577 | D:6      | Found a radiant altar of Vehumet.
  4870 | D:6      | Found Wezod's Antique Armour Shoppe.
  4912 | D:6      | Reached **** piety under Okawaru
  4913 | D:6      | Reached XP level 9. HP: 46/56 MP: 11/13
  5025 | D:7      | Found Nuhetota's General Store.
  5114 | D:7      | Noticed Joseph
  5130 | D:7      | Slain by Joseph

Illustrated notes

Levels and vault maps discovered:
D:1:      kilobyte_arrival_exit_the_forest, layout_rooms, serial_shops,
          nicolae_shop_temple_entry_statues_fountains,
          ebering_ecumenical_altar_box
D:2:      layout_rooms
D:3:      layout_rooms, chequers_temple_overflow_statue_of_worship,
          serial_shops, nicolae_shop_behind_doors
D:4:      layout_cave_pools, serial_shops, nicolae_shop_bloodbath_and_beyond,
          minmay_misc_feat_alley
D:5:      layout_basic, minmay_temple_entry_tees, serial_rivers,
          chequers_serial_rivers_micro_d, chequers_serial_rivers_marsh,
          chequers_serial_rivers_room_b, chequers_serial_rivers_micro_d,
          chequers_serial_rivers_micro_b, nrook_campfire,
          minmay_misc_feat_hallway, minivault_26
D:6:      layout_loops_ring, mainiacjoe_overflow_catch_the_wave, serial_shops,
          kennysheep_mini
D:7:      layout_cave_pools, serial_shops, nicolae_take_the_stairs, hex_tiny,
          chequers_serial_rivers_large_a, roderic_serpentine_path, uniq_maggie,
          uniq_prince_ribbit1, uniq_menkaure, uniq_joseph

Skill      XL: |  1  2  3  4  5  6  7  8 |
---------------+-------------------------+-----
Invocations    | 1 2 3 4 5 |  5.6
Fighting       | 4 5 6 |  6.9
Dodging        | 1 2 |  2.9
Maces & Flails | 3 4 5 |  5.6
Shields        | 4 5 |  5.3
Armour         | 4 5 |  5.2

Action                   |  1- 3 |  4- 6 |  7- 9 || total
-------------------------+-------+-------+-------++-------
Melee: Flail             |   127 |    14 |       ||   141
       Long sword        |       |    78 |   111 ||   189
  Use: Potion            |       |       |     1 ||     1
Armor: Scale mail        |   103 |    57 |    54 ||   214
Dodge: Dodged            |    89 |   114 |    68 ||   271
Block: Buckler           |    41 |    35 |    23 ||    99

Table legend: (Time is in decaauts)
 A = Elapsed time spent in this place.
 B = Non-inter-level travel time spent in this place.
 C = Inter-level travel time spent in this place.
 D = Time resting spent in this place.
 E = Time spent auto-exploring this place.
 F = Levels seen in this place.
 G = Mean time per level.
                   A        B        C        D        E       F      G
               +--------+--------+--------+--------+--------+-----+--------+
         Total |   5269 |   5081 |    188 |    165 |   3942 |   7 |  752.7 |
       Dungeon |   5269 |   5081 |    188 |    165 |   3942 |   7 |  752.7 |
               +--------+--------+--------+--------+--------+-----+--------+

Top non-repeatable levels by time:
     D:5: 1145 daAuts
     D:1: 897 daAuts
     D:6: 800 daAuts
     D:3: 793 daAuts
     D:2: 750 daAuts
     D:4: 737 daAuts
     D:7: 144 daAuts
